 Dungeon Crawl Stone Soup version 0.18.1-50-g88ac8fd (webtiles) character file.

123 Eowyn24 the Shooter (level 5, -1/57 HPs)
             Began as a Human Hunter on Sept 30, 2016.
             Slain by Grinder (4 damage)
             ... on level 3 of the Dungeon.
             The game lasted 00:22:47 (2311 turns).

Eowyn24 the Shooter (Human Hunter)                  Turns: 2311, Time: 00:22:47

Health: -1/57      AC:  3    Str: 18    XL:     5   Next: 28%
Magic:  5/5        EV: 12    Int: 11    God:
Gold:   36         SH:  0    Dex: 14    Spells: 0 memorised, 4 levels left

rFire  . . .     SeeInvis .     a - +1 shortbow
rCold  . . .     Gourm    .     c - +0 leather armour
rNeg   . . .     Faith    .     (shield currently unavailable)
rPois  .         Spirit   .     (no helmet)
rElec  .         Dismiss  .     (no cloak)
rCorr  .         Reflect  .     (no gloves)
SustAt .         Harm     .     (no boots)
MR     .....                    (no amulet)
Stlth  ..........               (no ring)
                                (no ring)

@: berserking, very quick, not resistant to hostile enchantments, extremely
unstealthy
A: no striking features
a: no special abilities


You were on level 3 of the Dungeon.
You were not hungry.

You visited 1 branch of the dungeon, and saw 3 of its levels.

You collected 36 gold pieces.

Inventory:

Hand Weapons
 a - a +1 shortbow (weapon)
 b - a +0 short sword
 l - a +0 hand axe
 o - a +0 dagger
Missiles
 w - 19 bolts
Armour
 c - a +0 leather armour (worn)
 h - a +0 pair of boots
 m - a +0 shield
 n - a +0 plate armour
 p - a +0 scale mail
Scrolls
 s - a scroll of enchant armour {unknown}
 t - a scroll of fear {unknown}
 v - a scroll of blinking {unknown}
Potions
 g - a potion of flight {unknown}
 i - a potion of brilliance {unknown}
 j - a potion of degeneration {unknown}
 k - a potion of cure mutation {unknown}
 q - a potion of curing
Books
 u - a book of Annihilations

   Spells                             Type                      Level
   a - Poison Arrow                   Conjuration/Poison           6
   b - Chain Lightning                Conjuration/Air              8
   c - Lehudib's Crystal Spear        Conjuration/Earth            8
   d - Glaciate                       Conjuration/Ice              9
   e - Fire Storm                     Conjuration/Fire             9
Comestibles
 f - 2 bread rations


   Skills:
 + Level 2.2 Fighting
 + Level 5.7 Bows
 + Level 0.6 Armour
 + Level 2.2 Dodging
 + Level 1.7 Stealth


You had 4 spell levels left.
You didn't know any spells.

Dungeon Overview and Level Annotations

Branches:
Dungeon (3/15)

Altars:
Cheibriados
Dithmenos
Kikubaaqudgha
Sif Muna
Trog
Xom

Annotations:
D:3 Grinder


Message History

Okay, then.
Drink which item? (? for menu, Esc to quit)
It was a potion of berserk rage.
A red film seems to cover your vision as you go berserk!
You feel yourself moving faster!
You feel mighty!
Grinder drinks a potion.
Grinder is healed!
Unknown command.
Really attack while wielding your +1 shortbow?
Okay, then.
You are too berserk!
Unknown command.
You are too berserk!
You are too berserk!
Really attack while wielding your +1 shortbow?
You clumsily bash Grinder.
Grinder is heavily wounded.
Grinder hits you!
* * * LOW HITPOINT WARNING * * *
You writhe in agony.
You die...

....†....#.#
####†#####.#
###†#####.#
############
##.†.....#.#
###.#........#
#.....##.#.# #........#
#..#..##.#.###.#.#.##.#
#..............###.##.#
......##.....#.###....#
#.#######...##..@5).###
#. ##.#######..#####.#
#.# #.# #((......#
#.### #.# ##(......#
....# ##'## #.#####.#
#.#.# ##...## #(# #.#.#
##.....## #.#
..#.###.......## .(.
..#.##.........# #..


You could see Grinder.

Vanquished Creatures
  A worker ant (D:3)
  3 adders (D:2)
  2 worms (D:2)
  3 dart slugs
  3 giant geckos
  3 orcs (D:3)
  4 giant cockroaches
  A goblin (D:2)
  5 hobgoblins
  12 jackals
  A kobold (D:2)
  A quokka (D:2)
  3 bats
  4 giant newts
  7 rats
53 creatures vanquished.

Notes
Turn   | Place    | Note
--------------------------------------------------------------
     0 | D:1      | Eowyn24 the Human Hunter began the quest for the Orb.
     0 | D:1      | Reached XP level 1. HP: 16/16 MP: 1/1
   279 | D:1      | Reached XP level 2. HP: 22/22 MP: 2/2
   879 | D:2      | Found a deep blue altar of Sif Muna.
   879 | D:2      | Found an ancient bone altar of Kikubaaqudgha.
   879 | D:2      | Found a shimmering altar of Xom.
   989 | D:2      | Reached XP level 3. HP: 27/27 MP: 3/3
  1199 | D:2      | Found a shadowy altar of Dithmenos.
  1208 | D:2      | Reached skill level 5 in Bows
  1521 | D:2      | Found a bloodstained altar of Trog.
  1594 | D:2      | Reached XP level 4. HP: 33/33 MP: 4/4
  1993 | D:3      | Found a snail-covered altar of Cheibriados.
  2031 | D:3      | Reached XP level 5. HP: 29/38 MP: 5/5
  2290 | D:3      | Noticed Grinder
  2311 | D:3      | Slain by Grinder

Skill      XL: |  1  2  3 |
---------------+----------+-----
Bows           | 5 |  5.7
Fighting       | |  2.2
Armour         | |  0.6
Dodging        | |  2.2
Stealth        | |  1.7

Action                   |  1- 3 |  4- 6 || total
-------------------------+-------+-------++-------
Melee: Short sword       |    20 |    18 ||    38
       Shortbow          |       |     1 ||     1
 Fire: Shortbow          |    84 |    75 ||   159
  Use: Potion            |     1 |     2 ||     3
  Eat: Bread ration      |     1 |       ||     1
       Beef jerky        |     1 |       ||     1
Armor: Leather armour    |    15 |    18 ||    33
Dodge: Dodged            |    57 |    67 ||   124
